 Dungeon Crawl Stone Soup version 0.28-a0-1002-gf00fe891ef (webtiles) character file.

Game seed: 6021036890849001647

215 croobank the Sneak (level 5, 0/45 HPs)
             Began as a Demigod Delver on Dec 7, 2021.
             Succumbed to a scorpion's poison
             ... on level 4 of the Dungeon.
             The game lasted 00:21:06 (3772 turns).

croobank the Sneak (Demigod Delver)                 Turns: 3772, Time: 00:21:06

Health: 0/45       AC:  3    Str: 17    XL:     5   Next: 34%
Magic:  7/7        EV: 12    Int: 12    God:
Gold:   88         SH:  0    Dex: 15    Spells: 4/4 levels left

rFire   . . .      SeeInvis .   a - +0 hand axe
rCold   . . .      Faith    .   (no shield)
rNeg    . . .      Spirit   .   b - +0 leather armour
rPois   .          Reflect  .   (no helmet)
rElec   .          Harm     .   (no cloak)
rCorr   .          Rampage  .   (no gloves)
Will    .....                   (no boots)
Stlth   +++.......              (no amulet)
HPRegen 0.15/turn               (no ring)
MPRegen 0.10/turn               (no ring)

@: lethally poisoned (0 -> -12)
A: high mp 1, forlorn, divine attributes
a: no special abilities


You were on level 4 of the Dungeon.
You visited 1 branch of the dungeon, and saw 5 of its levels.

You collected 114 gold pieces.
You spent 26 gold pieces at shops.

Inventory:

Hand Weapons
 a - a +0 hand axe (weapon)
 h - a +0 morningstar
 j - a +0 short sword
 r - a +2 hunting sling of flaming
Missiles
 f - 2 boomerangs (quivered)
 n - 9 poisoned darts
 s - 20 stones
Armour
 b - a +0 leather armour (worn)
 k - a +0 scale mail
Magical Staves
 o - a staff of fire
Wands
 g - a wand of digging (3)
Scrolls
 c - a scroll of fog
 d - a scroll of magic mapping
 e - a scroll of enchant armour {unknown}
 p - a scroll of immolation
 q - a scroll of vulnerability {unknown}
Potions
 i - a potion of might
 l - a potion of brilliance


   Skills:
 + Level 3.1 Fighting
 + Level 2.7 Axes
 + Level 2.4 Throwing
 + Level 1.7 Armour
 + Level 2.1 Dodging
 + Level 5.2 Stealth


You had 4 spell levels left.
You didn't know any spells.
Your spell library was empty.

Dungeon Overview and Level Annotations

Branches:
Dungeon (5/15)
 Temple: D:4-7

Shops:
D:1 ?

Annotations:
D:4 1 runed translucent door, ytrimaz's ghost, amateur FoFi


Innate Abilities, Weirdness & Mutations

You have an increased reservoir of magic. (+10% MP)
You shall have no god before yourself.
Your divine heritage dramatically boosts your attributes as you level up.


Message History

A scorpion comes into view.
Throw: 2 boomerangs
Press: ? - help, Q - select action, (/) - cycle Shift-Dir - straight line, f - scorpion
Aim: a scorpion (wandering, hasn't noticed you, 60% to hit)
You throw a boomerang.
The boomerang closely misses the scorpion.
You slash the scorpion!
The scorpion is moderately wounded.
The scorpion barely misses you.
You completely miss the scorpion.
The scorpion is moderately wounded.
The scorpion stings you.
You are poisoned.
The scorpion poisons you!
You closely miss the scorpion.
The scorpion is moderately wounded.
You feel very sick. The scorpion stings you. The scorpion misses you.
You hit the scorpion but do no damage.
The scorpion is moderately wounded.
You feel very sick. The scorpion stings you!
You slash the scorpion!
The scorpion is severely wounded.
You feel sick. The scorpion misses you. The scorpion barely misses you.
You closely miss the scorpion.
The scorpion is severely wounded.
You feel sick. The scorpion stings you!
You are lethally poisoned!
The scorpion poisons you!
You hit the scorpion but do no damage.
The scorpion is severely wounded.
* * * LOW HITPOINT WARNING * * *
You feel very sick. The scorpion closely misses you. The scorpion stings you!
* * * LOW HITPOINT WARNING * * *
Okay, then.
As you read the scroll of fear, it crumbles to dust.
You assume a fearsome visage.
The scorpion looks frightened!
You die...

# #. #.### ### . ...# ##.##
#.###.###...## #
.......#..)..#####.# .
#....<.......@.>#
#.##...#.....###s### ## ###
#...[.......## #.######. ..#
####.##.....# ......... ...
#.##...#.# #.###.... #.# #
.....##)..#... .........####.#
#
#######...####.##.........##)#
# #)..# # ....$.......####
#######...####.
$s.....<......##


You could see a scorpion (fleeing).

Vanquished Creatures
  2 hounds
  An orc wizard (D:4)
  A hound skeleton (D:5)
  5 adders
  5 worms
  A dart slug (D:1)
  3 orcs
  5 bats
  9 endoplasms
  A giant cockroach (D:1)
  2 goblins
  2 hobgoblins
  4 quokkas
  10 ball pythons
  3 frilled lizards
  6 kobolds
  3 rats (D:1)
63 creatures vanquished.

Notes
Turn   | Place    | Note
-------+----------+-------------------------------------------
     0 | D:5      | croobank the Demigod Delver began the quest for the Orb.
     0 | D:5      | Reached XP level 1. HP: 18/18 MP: 3/3
    39 | D:5      | Reached XP level 2. HP: 15/25 MP: 4/4
   252 | D:5      | Noticed a sky beast
   286 | D:4      | Found a runed translucent door.
   286 | D:4      | Noticed ytrimaz's ghost (amateur FoFi)
   287 | D:4      | Noticed a scorpion
   315 | D:3      | Reached skill level 5 in Stealth
   685 | D:1      | Reached XP level 3. HP: 29/30 MP: 5/5
   703 | D:1      | Found Xurcheal's Magic Scroll Shop.
   713 | D:1      | Bought a scroll of identify for 26 gold pieces
  2180 | D:2      | Reached skill level 1 in Throwing
  2180 | D:2      | Reached skill level 1 in Armour
  2180 | D:2      | Reached XP level 4. HP: 38/38 MP: 6/6
  3530 | D:4      | Noticed an ogre
  3546 | D:4      | Reached XP level 5. HP: 33/45 MP: 7/7
  3772 | D:4      | Succumbed to a scorpion's poison

Illustrated notes

Levels and vault maps discovered:
D:1:      wander_arrival_peaceful_grave, layout_loops_corners, serial_shops,
          nicolae_diamond_shop
D:2:      layout_basic, chequers_serial_rivers_micro_c
D:3:      layout_basic, mainiacjoe_overflow_boulevard
D:4:      layout_loops_cross, gammafunk_ghost_grave
D:5:      layout_cave_pods, uniq_pikel, uniq_edmund

Skill      XL: |  1  2  3  4 |
---------------+-------------+-----
Axes           | 2 |  2.7
Stealth        | 5 |  5.2
Dodging        | 2 |  2.1
Fighting       | 3 |  3.1
Throwing       | 1 2 |  2.4
Armour         | 1 |  1.7

Action                   |  1- 3 |  4- 6 || total
-------------------------+-------+-------++-------
Melee: Hand axe          |    68 |    74 ||   142
 Fire: Hunting sling     |       |     2 ||     2
Throw: Boomerang         |    55 |     6 ||    61
       Dart              |       |    87 ||    87
  Use: Scroll            |     6 |     2 ||     8
       Potion            |     2 |     1 ||     3
 Stab: Sleeping          |     1 |       ||     1
Armor: Leather armour    |    15 |    11 ||    26
Dodge: Dodged            |    48 |    44 ||    92

Table legend: (Time is in decaauts)
 A = Elapsed time spent in this place.
 B = Non-inter-level travel time spent in this place.
 C = Inter-level travel time spent in this place.
 D = Time resting spent in this place.
 E = Time spent auto-exploring this place.
 F = Levels seen in this place.
 G = Mean time per level.
                   A        B        C        D        E       F      G
               +--------+--------+--------+--------+--------+-----+--------+
         Total |   3793 |   3714 |     79 |    910 |   1904 |   5 |  758.6 |
       Dungeon |   3793 |   3714 |     79 |    910 |   1904 |   5 |  758.6 |
               +--------+--------+--------+--------+--------+-----+--------+

Top non-repeatable levels by time:
     D:3: 1242 daAuts
     D:2: 1142 daAuts
     D:1: 899 daAuts
     D:4: 266 daAuts
     D:5: 243 daAuts
